 Dungeon Crawl Stone Soup version 0.30-a0-867-g305f33218d (webtiles) character file.

Game seed: 7725889643955417623

307 Dittersdorf the Covered (level 6, -3/39 HPs)
             Began as a Gargoyle Fighter on Mar 10, 2023.
             Slain by Menkaure (12 damage)
             ... on level 4 of the Dungeon.
             The game lasted 00:03:44 (1829 turns).

Dittersdorf the Covered (Gargoyle Fighter)          Turns: 1829, Time: 00:03:45

Health: -3/39      AC: 21    Str: 21    XL:     6   Next: 40%
Magic:  6/6        EV:  7    Int:  9    God:
Gold:   222        SH:  4    Dex:  9    Spells: 5/5 levels left

rFire   . . .      SeeInvis .    a - +0 flail
rCold   . . .      Faith    +    c - +0 buckler
rNeg    + . .      Spirit   .    q - +5 chain mail
rPois   ∞          Reflect  .    h - +0 helmet
rElec   +          Rampage  .    (no cloak)
rCorr   .                        e - +0 pair of gloves
Will    .....                    (no boots) Stlth
                                 f - amulet of faith
HPRegen 0.26/turn                (no ring)
MPRegen 0.10/turn                (no ring)

@: no status effects
A: sickness immunity, AC +4, negative energy resistance 1, electricity
resistance, torment resistance 1, petrification resistance
a: no special abilities


You were on level 4 of the Dungeon.
You visited 1 branch of the dungeon, and saw 4 of its levels.

You collected 222 gold pieces.

Inventory:

Hand Weapons
 a - a +0 flail (weapon)
Missiles
 k - a throwing net (quivered)
Armour
 c - a +0 buckler (worn)
 e - a +0 pair of gloves (worn)
 h - a +0 helmet (worn)
 q - a +5 chain mail (worn)
Jewellery
 f - an amulet of faith (around neck)
Scrolls
 l - a scroll of torment {unknown}
 m - 2 scrolls of butterflies {unknown}
 o - a scroll of blinking {unknown}
 p - a scroll of noise {unknown}
 r - a scroll of teleportation {unknown}
 s - a scroll of fear {unknown}
Potions
 b - 2 potions of heal wounds {unknown}
 d - a potion of brilliance {unknown}
 i - 2 potions of curing
 n - a potion of flight


   Skills:
 + Level 4.7 Fighting
 + Level 3.6 Maces & Flails
 + Level 4.7 Armour
 + Level 4.7 Shields


You had 5 spell levels left.
You didn't know any spells.
Your spell library contained the following spells:

 Spells                   Type           Power      Damage    Failure   Level
 Sandblast                Erth           0%         2d4       99%         1
 Passwall                 Tmut/Erth      0%         N/A       100%        2
 Stone Arrow              Conj/Erth      0%         3d7       100%        3
 Manifold Assault         Tloc           0%         N/A       100%        4
 Dispersal                Tloc           0%         N/A       100%        6
 Disjunction              Tloc           0%         N/A       100%        8


Dungeon Overview and Level Annotations

Branches:
Dungeon (4/15)
 Temple: D:4-7

Altars:
Cheibriados
Okawaru
Trog

Shops:
D:2 *

Annotations:
D:4 Menkaure, Robin


Innate Abilities, Weirdness & Mutations

You are immune to sickness and miasma.
Your stone body is resilient. (AC +4)
You are immune to poison.
You resist negative energy. (rN+)
You are resistant to electric shocks. (rElec)
You are resistant to unholy torment.
You are immune to petrification.


Message History

The quokka convulses!
Your body is wracked with pain!
You hit the quokka.
The quokka is severely wounded.
You block the quokka's attack.
Menkaure calls on the powers of darkness!
Your body is wracked with pain!
The quokka barely misses you.
Menkaure calls on the powers of darkness!
Your body is wracked with pain!
You sock the quokka!
You kill the quokka!
Menkaure's bandages flutter.
An endoplasm comes into view.
The endoplasm quivers.
You hit Menkaure.
Menkaure is lightly damaged.
Menkaure hits you but does no damage. Menkaure hits you.
You sock Menkaure!
Menkaure is moderately damaged.
Menkaure misses you.
You hit Menkaure.
Menkaure is heavily damaged.
Menkaure points at you and mumbles some strange words.
Pain shoots through your body!
* * * LOW HITPOINT WARNING * * *
Menkaure completely misses you.
You sock Menkaure!
Menkaure is almost destroyed.
You hear the slow hiss of an avalanche of sand very nearby.
You block Menkaure's attack.
You barely miss Menkaure.
Menkaure is almost destroyed.
Menkaure gestures at you while chanting.
Pain shoots through your body!
* * * LOW HITPOINT WARNING * * *
Menkaure casts a spell at you.
You barely resist. You barely miss Menkaure.
Menkaure is almost destroyed.
Menkaure hits you!
You die...

* ##....## *,,,,,*,,,,,,,,,*
* #......## *****,*,,,,,,,,,,
* #.......# *,,,,,,,,,,,,,
#.......## *,,,,,,,,,,,,,
#........# *,,,,,,,,,,,,,
#........## *,,,,,,,,,,,,, *
#.........# *,,,.,,,,,,,,, *
#.........####....,,,,,,,,,
**
#.........@M......,,,,,,,,,
,**
#.....>...##......,,,,,,,,,
,,*
##.......##**#....,,,<,,,,,
,,**
###......****,..$,,,,,,,,*
,,,*
#........,,,,,,.,,,,,,,,*
,,**
#.#####+#****,,,,,,,,,,** ,,*
***#.,**,,,,,**,,,,,,,,,,,*
,,*
*,***,,**,,,**,,,,,,,,,,,,**
,,*
**,,,,,,,**∩**,,,,,,,,,,,,,,*


You could see Menkaure (fast).

Vanquished Creatures
  Duvessa (D:4)
  Dowan (D:4)
  A hound (D:4)
  2 gnolls
  5 adders
  A dart slug (D:1)
  An orc (D:4)
  7 endoplasms
  A giant cockroach (D:2)
  5 goblins
  5 hobgoblins
  4 jackals (D:2)
  7 quokkas
  7 ball pythons
  3 bats
  6 frilled lizards
  5 kobolds
  4 rats
66 creatures vanquished.

Notes
Turn   | Place    | Note
-------+----------+-------------------------------------------
     0 | D:1      | Dittersdorf the Gargoyle Fighter began the quest for the
                  | Orb.
     0 | D:1      | Reached XP level 1. HP: 14/14 MP: 1/1
    84 | D:1      | Reached XP level 2. HP: 2/19 MP: 2/2
   368 | D:1      | Reached XP level 3. HP: 23/23 MP: 3/3
  1082 | D:2      | Reached XP level 4. HP: 28/29 MP: 4/4
  1127 | D:2      | Found Subuow's General Store.
  1133 | D:2      | Found a snail-covered altar of Cheibriados.
  1465 | D:3      | Found a bloodstained altar of Trog.
  1590 | D:3      | Found a faded altar of an unknown god.
  1596 | D:3      | Found an iron altar of Okawaru.
  1644 | D:4      | Noticed Robin
  1663 | D:3      | Found a faded altar of an unknown god.
  1724 | D:3      | Reached XP level 5. HP: 33/33 MP: 5/5
  1754 | D:4      | Noticed Dowan
  1757 | D:4      | Noticed Duvessa
  1770 | D:4      | Killed Duvessa
  1772 | D:4      | Killed Dowan
  1773 | D:4      | Reached XP level 6. HP: 24/39 MP: 6/6
  1813 | D:4      | Noticed Menkaure
  1829 | D:4      | Slain by Menkaure

Illustrated notes

Levels and vault maps discovered:
D:1:      co_arrival_square_in_a_square_in_a_square, layout_loops_ring
D:2:      minmay_chambers_of_ones, layout_basic, basic_altar, serial_shops,
          shop, minmay_pentomino_v4
D:3:      layout_basic, bloody_trog, doesnt_xom_only_xom,
          nicolae_overflow_ecumenical_swirl, basic_ecumenical_altar,
          uniq_crazy_yiuf_cottage
D:4:      layout_cave_pods, gup_ossuary_entry_pyramid, minmay_misc_feat_rugged,
          uniq_menkaure, uniq_duvessa, uniq_robin

Skill      XL: |  1  2  3  4 |
---------------+-------------+-----
Shields        | 4 |  4.7
Fighting       | 4 |  4.7
Armour         | 4 |  4.7
Maces & Flails | 3 |  3.6

Action                     |  1- 3 |  4- 6 || total
---------------------------+-------+-------++-------
  Melee: Flail             |   101 |   148 ||   249
    Use: Scroll            |       |     4 ||     4
         Potion            |       |     1 ||     1
 Armour: Scale mail        |    45 |    10 ||    55
         Chain mail        |       |   101 ||   101
  Dodge: Dodged            |    70 |    64 ||   134
  Block: Buckler           |    22 |    34 ||    56

Table legend: (Time is in decaauts)
 A = Elapsed time spent in this place.
 B = Non-inter-level travel time spent in this place.
 C = Inter-level travel time spent in this place.
 D = Time resting spent in this place.
 E = Time spent auto-exploring this place.
 F = Levels seen in this place.
 G = Mean time per level.
                   A        B        C        D        E       F      G
               +--------+--------+--------+--------+--------+-----+--------+
         Total |   1904 |   1859 |     45 |      0 |   1221 |   4 |  476.0 |
       Dungeon |   1904 |   1859 |     45 |      0 |   1221 |   4 |  476.0 |
               +--------+--------+--------+--------+--------+-----+--------+

Top non-repeatable levels by time:
     D:1: 863 daAuts
     D:2: 615 daAuts
     D:3: 318 daAuts
     D:4: 107 daAuts
